 Dungeon Crawl Stone Soup version 0.23.2-33-g5129a83184 (webtiles) character file.

Game seed: 4930649990503574202

79 Felnil the Chopper (level 4, -6/39 HPs)
             Began as a Hill Orc Fighter on Aug 9, 2019.
             Mangled by Sigmund
             ... wielding a +0 scythe
              (11 damage)
             ... on level 3 of the Dungeon.
             The game lasted 00:05:58 (1016 turns).

Felnil the Chopper (Hill Orc Fighter)               Turns: 1016, Time: 00:05:58

Health: -6/39      AC:  6    Str: 19    XL:     4   Next: 37%
Magic:  4/4        EV:  7    Int: 13    God:
Gold:   114        SH:  9    Dex: 10    Spells: 3/3 levels left

rFire    + . .     SeeInvis .   a - +0 war axe
rCold    + . .     Gourm    .   c - +0 shield
rNeg     . . .     Faith    .   b - +0 scale mail
rPois    +         Spirit   .   (no helmet)
rElec    +         Reflect  .   (no cloak)
rCorr    +         Harm     .   (no gloves)
MR       +....                  (no boots)
Stlth    ..........             (no amulet)
HPRegen  0.13/turn              h - ring of protection from magic
MPRegen  0.09/turn              l - ring of flight

@: brilliant, resistant
A: no striking features
a: Evoke Flight


You were on level 3 of the Dungeon.
You were not hungry.

You visited 1 branch of the dungeon, and saw 3 of its levels.

You collected 114 gold pieces.

Inventory:

Hand Weapons
 a - a +0 war axe (weapon)
Armour
 b - a +0 scale mail (worn)
 c - a +0 shield (worn)
Jewellery
 h - a ring of protection from magic (left hand)
 l - a ring of flight (right hand)
Scrolls
 d - a scroll of amnesia
 e - a scroll of identify
Comestibles
 f - 3 rations
 g - 4 chunks of flesh


   Skills:
 - Level 3.6 Fighting
 + Level 6.0 Axes
 - Level 3.2 Armour
 - Level 3.2 Shields


You had 3 spell levels left.
You didn't know any spells.
Your spell library was empty.

Dungeon Overview and Level Annotations

Branches:
Dungeon (2/15)

Altars:

Annotations:
D:3 Sigmund


Message History

A kobold comes into view. It is wielding a +0 short sword.
The kobold shouts!
A bat comes into view.
The bat moves out of view.
The bat hits you but does no damage. You block the kobold's attack.
You hit the kobold.
You kill the kobold!
You closely miss the bat. The bat hits you but does no damage.
A quokka comes into view.
It was a potion of brilliance.
You feel clever all of a sudden. You block the bat's attack.
The bat hits you but does no damage.
Sigmund screams, "Only death can liberate you!"
Sigmund barely misses you.
It was a potion of resistance.
You feel protected. The bat hits you but does no damage.
You block Sigmund's attack.
You fail to use your ability.
The bat hits you but does no damage. The bat hits you but does no damage.
Sigmund hits you with a +0 scythe!
You die...

.............#..
.##.#...........
#.....######....
#...###.@....... ..
#####... #.####)##. ...
#...### #....÷.÷..
....#...#######@....##..
....r.)b.##..@......##..
....#..@.##.###.....##..
. ..#...@#...##.....##..
............####...##..
.....#####...# #...##..
..... ##### ....##..
##+# ...#### .#


You could see Sigmund, a quokka and a bat.

Vanquished Creatures
  Robin (D:3)
  A gnoll (D:1)
  An adder (D:3)
  2 dart slugs
  A leopard gecko (D:3)
  A giant cockroach (D:1)
  7 goblins
  12 hobgoblins
  6 bats
  A frilled lizard (D:2)
  5 kobolds
  3 rats
41 creatures vanquished.

Notes
Turn   | Place    | Note
-------+----------+-------------------------------------------
     0 | D:1      | Felnil the Hill Orc Fighter began the quest for the Orb.
     0 | D:1      | Reached XP level 1. HP: 19/19 MP: 1/1
    45 | D:1      | Reached skill level 3 in Axes
   213 | D:1      | Reached XP level 2. HP: 26/26 MP: 2/2
   346 | D:1      | Reached skill level 4 in Axes
   351 | D:1      | Reached XP level 3. HP: 28/31 MP: 3/3
   888 | D:2      | You fall through a shaft!
   888 | D:3      | Noticed Robin
   890 | D:3      | Reached skill level 5 in Axes
   898 | D:3      | Killed Robin
   898 | D:3      | Reached XP level 4. HP: 33/39 MP: 4/4
   956 | D:3      | Noticed Sigmund
   967 | D:3      | Reached skill level 6 in Axes
  1016 | D:3      | Mangled by Sigmund

Skill      XL: |  1  2  3  4 |
---------------+-------------+-----
Axes           | 3 4 5 6 |  6.0
Fighting       | |  3.6
Armour         | |  3.2
Shields        | |  3.2

Action                   |  1- 3 |  4- 6 || total
-------------------------+-------+-------++-------
Melee: War axe           |    53 |    21 ||    74
  Use: Potion            |     1 |     3 ||     4
       Scroll            |       |     3 ||     3
Armor: Scale mail        |    36 |    11 ||    47
       Skin              |       |    26 ||    26
Dodge: Dodged            |    21 |     8 ||    29
Block: Shield            |    39 |    24 ||    63
